 Dungeon Crawl Stone Soup version 0.27-a0-1321-gd358eaa319 (webtiles) character file.

Game seed: 7973442290939512257

182434 Delamore the Impaler (level 19, -3/150 HPs)
             Began as a Formicid Fighter on June 22, 2021.
             Was an Initiate of Gozag.
             Slain by a tarantella (7 damage)
             ... on level 4 of the Spider Nest.
             The game lasted 00:40:15 (29922 turns).

Delamore the Impaler (Formicid Fighter)            Turns: 29922, Time: 00:40:15

Health: -3/150     AC: 18    Str: 29    XL:     19   Next: 3%
Magic:  0/19       EV: 12    Int: 10    God:    Gozag
Gold:   1590       SH:  0    Dex:  9    Spells: 18/18 levels left

rFire    + + .     SeeInvis +   W - +9 halberd (vorpal)
rCold    + + .     Faith    .   F - +8 tower shield
rNeg     . . .     Spirit   .   A - +1 scale mail of Leisus {rPois rF+ rCorr Str+2 Dex+4}
rPois    +         Reflect  .   (helmet unavailable)
rElec    .         Harm     .   g - +0 cloak
rCorr    +         Rampage  +   (no gloves)
Will     ++...                  B - +2 pair of boots
Stlth    ..........             t - amulet of Serr {Rampage +Inv Will+ Regen+ Stlth+}
HPRegen  1.35/turn              p - ring of Helab {rF+ rC+ rCorr AC+4 Dex-5}
MPRegen  0.16/turn              K - ring of Pyromania {rC+ Slay+4}

@: confused, lethally poisoned (-3 -> -7), gold aura, studying Ice Magic
A: permanent stasis, dig shafts and tunnels, antennae 3, four strong arms
a: Dig, Shaft Self, Renounce Religion, Evoke Invisibility, Potion Petition, Call
Merchant, Bribe Branch


You were on level 4 of the Spider Nest.
You worshipped Gozag.
Gozag was most pleased with you.
You visited 5 branches of the dungeon, and saw 28 of its levels.
You also visited: Ossuary and Ice Cave.

You collected 12630 gold pieces.
You spent 4038 gold pieces at shops.
You paid 7002 gold pieces to Gozag.

Inventory:

Hand Weapons
 a - a +1 trident
 w - a +3 halberd of freezing
 W - a +9 vorpal halberd (weapon)
Missiles
 e - 134 poisoned darts
 x - 7 atropa-tipped darts
 O - a curare-tipped dart
 S - 3 throwing nets
 U - 7 silver boomerangs
 V - 7 boomerangs (quivered)
Armour
 g - a +0 cloak (worn)
 l - the +0 pair of gloves "Jeaphi" {*Corrode +Blink Int+2}
   (You bought it in a shop on level 11 of the Dungeon)

   It affects your intelligence (+2).
   It lets you blink.
   It may corrode you when you take damage.
 A - the +1 scale mail of Leisus (worn) {rPois rF+ rCorr Str+2 Dex+4}
   (You bought it in a shop on level 2 of the Lair of Beasts)

   It affects your strength (+2).
   It affects your dexterity (+4).
   It protects you from fire.
   It protects you from poison.
   It protects you from acid and corrosion.
 B - a +2 pair of boots (worn)
 F - a +8 tower shield (worn)
Jewellery
 c - the ring "Peodgh" {Fire Slay+3}
   (You took it off a centaur warrior on level 15 of the Dungeon)

   [ring of fire]

   It enhances your fire magic.
   It affects your accuracy and damage with ranged weapons and melee attacks
   (+3).
   It protects you from fire.
   It makes you vulnerable to cold.
 p - the ring of Helab (left hand) {rF+ rC+ rCorr AC+4 Dex-5}
   (You bought it in a shop on level 15 of the Dungeon)

   [ring of protection]

   It affects your AC (+4).
   It affects your dexterity (-5).
   It protects you from fire.
   It protects you from cold.
   It protects you from acid and corrosion.
 t - the amulet of Serr (around neck) {Rampage +Inv Will+ Regen+ Stlth+}
   (You found it on level 15 of the Dungeon)

   [amulet of regeneration]

   It lets you turn invisible.
   It increases your rate of health regeneration.
   It bestows one free step when moving towards enemies.
   It increases your willpower.
   It makes you more stealthy.
 C - a ring of fire
 K - the ring of Pyromania (right hand) {rC+ Slay+4}
   (You bought it in a shop on level 4 of the Dungeon)

   [ring of slaying]

   It affects your accuracy and damage with ranged weapons and melee attacks
   (+4).
   It protects you from cold.
 L - a ring of poison resistance
 T - the ring "Ohapih" {rN+ Dex+4 Stlth+}
   (You found it in an ice cave)

   [ring of positive energy]

   It affects your dexterity (+4).
   It protects you from negative energy.
   It makes you more stealthy.
Wands
 d - a wand of flame (105)
 f - a wand of iceblast (52)
 r - a wand of acid (35)
 s - a wand of charming (27)
 v - a wand of mindburst (27)
 y - a wand of paralysis (14)
 D - a wand of digging (10)
Scrolls
 h - 8 scrolls of identify
 i - 2 scrolls of enchant armour
 j - 5 scrolls of amnesia
 u - 3 scrolls of immolation
 z - 5 scrolls of fog
 J - 4 scrolls of magic mapping
 Q - 3 scrolls of summoning
Potions
 b - 2 potions of cancellation
 k - 4 potions of mutation
 m - 5 potions of flight
 n - 6 potions of ambrosia
 o - 9 potions of curing
 q - 4 potions of brilliance
 E - 2 potions of might
 I - a potion of degeneration {unknown}
 M - 3 potions of heal wounds
 P - 5 potions of resistance
Miscellaneous
 R - a condenser vane


   Skills:
 + Level 13.5 Fighting
 - Level 20.0 Polearms
 - Level 10.0 Throwing
 - Level 10.0 Armour
 + Level 8.2 Dodging
 - Level 15.0 Shields
 - Level 10.0 Evocations


You had 18 spell levels left.
You didn't know any spells.
Your spell library contained the following spells:

 Spells                   Type           Power      Damage    Failure   Level
 Beastly Appendage        Tmut           0%         N/A       56%         1
 Corona                   Hex            0%         N/A       56%         1
 Magic Dart               Conj           0%         1d3       56%         1
 Sandblast                Erth           0%         2d4       56%         1
 Shock                    Conj/Air       0%         1d3       56%         1
 Sting                    Tmut/Pois      0%         1d3       56%         1
 Corpse Rot               Necr/Air       N/A        N/A       71%         2
 Ensorcelled Hibernation  Hex/Ice        0%         N/A       71%         2
 Passwall                 Tmut/Erth      0%         N/A       71%         2
 Poisonous Vapours        Pois/Air       0%         N/A       71%         2
 Searing Ray              Conj           0%         3d3       71%         2
 Wereblood                Tmut           0%         N/A       71%         2
 Confusing Touch          Hex            0%         N/A       91%         3
 Dazzling Flash           Conj/Hex       0%         N/A       91%         3
 Spider Form              Tmut/Pois      0%         N/A       91%         3
 Tukima's Dance           Hex            0%         N/A       91%         3
 Fulminant Prism          Conj/Hex       0%         3d6       100%        4
 Ice Form                 Ice/Tmut       0%         N/A       100%        4
 Iskenderun's Mystic Bla  Conj/Tloc      0%         2d3       100%        4
 Passage of Golubria      Tloc           N/A        N/A       100%        4
 Summon Lightning Spire   Summ/Air       0%         N/A       100%        4
 Blade Hands              Tmut           0%         N/A       100%        5
 Irradiate                Conj/Tmut      0%         3d13      100%        5
 Lee's Rapid Deconstruct  Erth           0%         3d5*      100%        5
 Lightning Bolt           Conj/Air       0%         1d11      100%        5
 Silence                  Hex/Air        0%         N/A       100%        5
 Conjure Ball Lightning   Conj/Air       0%         3x3d6     100%        6
 Invisibility             Hex            0%         N/A       100%        6
 Statue Form              Tmut/Erth      0%         N/A       100%        6
 Dragon Form              Tmut           0%         N/A       100%        7
 Storm Form               Tmut/Air       0%         N/A       100%        7
 Swiftness                Air            Unusable   N/A       N/A         3

Dungeon Overview and Level Annotations

Branches:
Dungeon (15/15)            Temple (1/1) D:4            Lair (6/6) D:8
 Shoals (0/4) Lair:2       Spider (4/4) Lair:2        Slime (0/5) Lair:5
    Orc (2/2) D:11            Elf (0/3) Orc:2        Vaults (0/5) D:13
 Depths (0/5) D:15        Ossuary (visited)           IceCv (visited)

Altars:
Ashenzari
Cheibriados
Dithmenos
Elyvilon
Fedhas
Gozag
Hepliaklqana
Kikubaaqudgha
Makhleb
Nemelex Xobeh
Qazlal
Ru
Sif Muna
Trog
Uskayaw
Vehumet
Wu Jian
Xom
Yredelemnul
Zin
Beogh
Jiyva

Shops:
D:2 [   D:4 =   D:8 (   D:9 [   D:11 [(   D:13 *   D:15 =   Orc:2 :*:
Lair:2 [   Lair:6 (

Annotations:
Lair:4 Rupert


Innate Abilities, Weirdness & Mutations

You cannot be hasted, slowed, berserked, paralysed or teleported.
You can dig through walls and to a lower floor.
You have a pair of large antennae on your head. (SInv)
Your four strong arms can wield two-handed weapons with a shield.


Message History

The wolf spider hits you!! The wolf spider completely misses you.
The ghost moth stares at you.
You feel your power leaking away. The ghost moth hits you.
The ghost moth hits you but does no damage.
The ghost moth stings you. The tarantella bites you! The wolf spider hits you!!
The wolf spider bites you.
You are poisoned.
The wolf spider poisons you!
The moth of wrath bites you but does no damage.
The ghost moth stares at you. The ghost moth closely misses you.
The ghost moth hits you but does no damage.
The ghost moth stings you.
You puncture the ghost moth!
The ghost moth is moderately wounded.
You feel less confused.
You feel very sick.
You block the wolf spider's attack. x2; The tarantella barely misses you.
You block the moth of wrath's attack.
You pick your way through the web.
You feel very sick. The tarantella bites you!
* * * LOW HITPOINT WARNING * * *
You block the wolf spider's attack. x2; You block the tarantella's attack.
The wolf spider hits you!
* * * LOW HITPOINT WARNING * * *
You block the wolf spider's attack. The tarantella bites you.
* * * LOW HITPOINT WARNING * * *
You are confused.
There is a web, spattered with blood here.
Okay, then.
Okay, then.
You feel much better.
You feel very sick. The wolf spider hits you!!
* * * LOW HITPOINT WARNING * * *
The wolf spider barely misses you. The tarantella bites you!
You die...
Your body crumbles into a pile of gold.

.......≈≈≈≈≈≈≈≈≈≈≈#....^...≈#
##....≈≈≈≈≈≈≈≈≈≈≈≈.^........#
^....≈≈≈≈≈≈≈≈≈≈≈≈≈≈≈.#..)..##
....≈≈≈≈≈######≈≈≈≈≈....^..#
....≈≈≈≈≈#≈#^^##≈≈≈≈......^#
...≈≈≈≈≈##^...###≈≈≈....^..#
...≈≈≈≈##^≈....^#≈≈≈.......##
...≈≈≈≈#^^.!..$s#≈#..≈..#...#
...≈≈≈##..φ!..ys@.^≈##^....^#
...≈≈≈# ^..!^..##≈.^........#
...≈≈≈##≈....^^{#≈≈≈........#
..^≈≈≈≈##^..#^^##≈≈≈...##.#.#
.#.≈≈≈≈###≈ ^.##≈≈≈≈..#....##
..#≈≈≈≈≈≈######≈≈≈≈≈....#..#
...≈≈≈≈≈≈≈≈≈≈≈≈≈≈≈≈.#......#
....≈≈≈≈≈≈≈≈≈≈≈≈≈≈.......^.##
.....#≈≈≈≈≈≈≈≈≈≈≈......#..≈^#


You could see a ghost moth (invisible), a wolf spider (berserk) and a tarantella
(berserk).

Vanquished Creatures
  Mara (Spider:3)
  Arachne (Spider:2)
  Donald (Spider:4)
  Roxanne (D:15)
  A frost giant (D:15)
  A fire giant (D:15)
  2 ghost moths (Spider:4)
  4 emperor scorpions
  A very ugly thing (D:14)
  Nessos (Lair:5)
  Azrael (Spider:3)
  A spark wasp (Spider:4)
  The ghost of kuniqs the Severer, a journeyman DDGl of Makhleb (D:13)
  3 entropy weavers
  An ettin (Orc:2)
  A yaktaur captain (D:13)
  2 fire dragons
  Harold (D:11)
  2 rakshasas
  12 hydras
  4 boulder beetles
  6 centaur warriors
  3 catoblepae
  An alligator (Lair:6)
  A tengu warrior (D:14)
  5 two-headed ogres
  An orc high priest (Orc:2)
  15 death yaks
  An iron troll (D:13)
  A swamp dragon (shapeshifter) (D:14)
  2 lindwurms
  2 obsidian statues
  A phantasmal warrior (D:15)
  A deep elf archer (D:15)
  12 orb spiders
  4 orc knights
  A deep elf zephyrmancer (D:13)
  A necromancer (IceCv)
  24 ugly things
  6 orc sorcerers
  An oklob plant (Lair:3)
  5 manticores
  A moth of wrath (Spider:2)
  49 wolf spiders
  5 cyclopes
  An ice statue (IceCv)
  3 torpor snails
  9 black mambas
  9 cane toads
  A gargoyle (D:12)
  Psyche (D:11)
  3 rime drakes
  13 komodo dragons
  3 unseen horrors
  8 demonic crawlers
  An efreet (D:15)
  7 kobold demonologists
  2 yaktaurs (D:14)
  11 freezing wraiths
  38 jumping spiders
  5 trolls
  Grinder (D:5)
  23 blink frogs
  2 wolf spider simulacra (IceCv)
  A wind drake (Lair:2)
  2 raiju (Lair:6)
  9 polar bears (Lair:6)
  8 slime creatures
  4 hornets
  A hornet (shapeshifter) (D:15)
  52 redbacks
  29 tarantellas
  2 shadows (D:9)
  8 wyverns
  6 wraiths
  2 basilisks
  2 fire elementals (Spider:3)
  A basilisk (shapeshifter) (D:13)
  43 yaks
  A death yak simulacrum (IceCv)
  6 wargs
  3 acid dragons
  17 hell hounds
  7 ice beasts
  16 water moccasins
  16 orc warriors
  15 black bears
  2 sky beasts
  A necrophage (D:8)
  A boggart (D:14)
  9 centaurs
  43 wolves
  9 ogres
  3 kobold brigands
  10 bullfrogs
  2 gnoll sergeants
  2 water moccasin skeletons
  8 killer bees
  14 wights
  2 howler monkeys
  10 electric eels
  6 centaur zombies
  A bullfrog zombie (D:6)
  4 draconian simulacra (IceCv)
  2 bullfrog skeletons (D:6)
  2 hounds (D:5)
  3 jellies
  23 orc priests
  Terence (D:2)
  Jessica (D:2)
  4 iguanas
  25 orc wizards
  A polar bear simulacrum (IceCv)
  2 killer bee zombies (D:8)
  5 troll simulacra (IceCv)
  2 spriggan simulacra (IceCv)
  3 centaur simulacra
  A hound zombie (D:5)
  2 howler monkey zombies (D:9)
  3 gnolls (D:13)
  3 naga simulacra (IceCv)
  5 adders
  4 ogre simulacra (IceCv)
  12 white imps (IceCv)
  An ufetubus (D:6)
  An adder skeleton (D:4)
  An adder zombie (Ossuary)
  2 worms (D:2)
  58 orcs
  A bat (D:1)
  8 endoplasms
  A giant cockroach (D:4)
  12 goblins
  A hobgoblin (D:11)
  2 jackals (D:1)
  4 quokkas (D:1)
  2 ball pythons
  3 ball python skeletons (Ossuary)
  2 frilled lizards (D:3)
  A hobgoblin skeleton (Ossuary)
  11 kobolds
  A kobold zombie (Ossuary)
  2 orc skeletons (Ossuary)
  2 orc zombies (Ossuary)
  3 rats
934 creatures vanquished.

Vanquished Creatures (others)
  An orc wizard (Orc:2)
  15 fungi
  39 plants
55 creatures vanquished.

Grand Total: 989 creatures vanquished

Notes
Turn   | Place    | Note
-------+----------+-------------------------------------------
     0 | D:1      | Delamore the Formicid Fighter began the quest for the Orb.
     0 | D:1      | Reached XP level 1. HP: 18/18 MP: 1/1
   239 | D:1      | Reached XP level 2. HP: 7/24 MP: 2/2
   749 | D:1      | Reached XP level 3. HP: 30/30 MP: 3/3
  1284 | D:2      | Reached skill level 3 in Polearms
  1301 | D:2      | Noticed Jessica
  1302 | D:2      | Noticed Terence
  1317 | D:2      | Killed Terence
  1318 | D:2      | Reached XP level 4. HP: 15/37 MP: 4/4
  1318 | D:2      | Killed Jessica
  1525 | D:2      | Found Ybroeff's Antique Armour Shoppe.
  1620 | D:2      | Reached skill level 4 in Polearms
  1629 | D:2      | Found a faded altar of an unknown god.
  1796 | D:3      | Reached XP level 5. HP: 33/42 MP: 5/5
  1888 | D:3      | Found a blossoming altar of Fedhas.
  1913 | D:3      | Found a white marble altar of Elyvilon.
  2247 | D:3      | Found a bloodstained altar of Trog.
  2250 | D:3      | Found a snail-covered altar of Cheibriados.
  2252 | D:3      | Found a basalt altar of Yredelemnul.
  2500 | D:3      | Found an ornate altar of the Wu Jian Council.
  2855 | D:4      | Noticed a black bear
  2874 | D:4      | Killed a black bear
  2875 | D:4      | Reached skill level 5 in Fighting
  2875 | D:4      | Reached skill level 5 in Polearms
  2875 | D:4      | Reached XP level 6. HP: 28/51 MP: 6/6
  3097 | D:4      | Found a glowing silver altar of Zin.
  3097 | D:4      | Noticed an angel
  3220 | D:4      | Reached skill level 6 in Polearms
  3220 | D:4      | Reached XP level 7. HP: 51/56 MP: 7/7
  3330 | D:4      | Found a shimmering blue altar of Sif Muna.
  3338 | D:4      | Got Sif Muna's Handbook of Clay
  3384 | D:4      | Found Kydd's Jewellery Boutique.
  3666 | D:4      | Found a hazy altar of Hepliaklqana.
  3697 | D:4      | Found a staircase to the Ecumenical Temple.
  3706 | Temple   | Entered the Ecumenical Temple
  3751 | Temple   | Became a worshipper of Gozag Ym Sagoz the Greedy
  4140 | D:5      | Entered Level 5 of the Dungeon
  4207 | D:5      | Found a sand-covered staircase.
  4231 | Ossuary  | Entered an ossuary
  4373 | Ossuary  | Noticed a flying skull
  4373 | Ossuary  | Noticed a wraith
  4414 | Ossuary  | Noticed a flying skull
  4434 | Ossuary  | Noticed a wraith
  4446 | Ossuary  | Killed a wraith
  4447 | Ossuary  | Reached skill level 7 in Polearms
  4504 | Ossuary  | Noticed a wraith
  4523 | Ossuary  | Killed a wraith
  4524 | Ossuary  | Reached skill level 8 in Polearms
  4524 | Ossuary  | Reached XP level 8. HP: 16/62 MP: 8/8
  4754 | Ossuary  | Noticed a flying skull
  4767 | Ossuary  | Noticed a flying skull
  5354 | D:5      | Noticed Grinder
  5367 | D:5      | Killed Grinder
  5368 | D:5      | Reached skill level 9 in Polearms
  6204 | D:6      | Noticed a wyvern
  6217 | D:6      | Killed a wyvern
  6467 | D:6      | Reached skill level 10 in Polearms
  6467 | D:6      | Reached XP level 9. HP: 56/68 MP: 9/9
  6598 | D:6      | Noticed a two-headed ogre
  6788 | D:5      | Killed a two-headed ogre
  6789 | D:5      | Reached skill level 11 in Polearms
  7016 | D:6      | Reached skill level 12 in Polearms
  7025 | D:6      | Reached XP level 10. HP: 67/74 MP: 10/10
  7324 | D:2      | Bought a spiked plate armour for 532 gold pieces
  7324 | D:2      | Identified the +1 plate armour "Qopnixt" {Harm Dex+2} (You
                  | bought it in a shop on level 2 of the Dungeon)
  7908 | D:7      | Reached skill level 13 in Polearms
  8633 | D:8      | Found a staircase to the Lair.
  8655 | D:8      | Reached skill level 14 in Polearms
  8755 | D:8      | Reached skill level 1 in Throwing
  9586 | D:8      | Bought a runed halberd for 196 gold pieces
  9617 | Lair:1   | Entered Level 1 of the Lair of Beasts
  9661 | Lair:1   | Noticed a cane toad
  9669 | Lair:1   | Killed a cane toad
  9670 | Lair:1   | Reached XP level 11. HP: 79/79 MP: 11/11
  9697 | Lair:1   | Reached skill level 5 in Shields
  9860 | Lair:1   | Reached skill level 5 in Armour
 10825 | Lair:2   | Identified a scroll of acquirement
 10825 | Lair:2   | Acquired 971 gold pieces
 10828 | Lair:2   | Bought the +1 scale mail of Leisus {rPois rF+ rCorr Str+2
                  | Dex+4} for 499 gold pieces
 10843 | Lair:2   | Found a hole to the Spider Nest.
 10843 | Lair:2   | Noticed a wolf spider
 10852 | Lair:2   | Killed a wolf spider
 11005 | Lair:2   | Reached skill level 5 in Throwing
 11342 | Lair:2   | Noticed a manticore
 11343 | Lair:2   | Found a staircase to the Shoals.
 11358 | Lair:2   | Reached XP level 12. HP: 44/86 MP: 12/12
 11857 | Spider:1 | Entered Level 1 of the Spider Nest
 12109 | Lair:3   | Reached skill level 15 in Polearms
 12222 | Lair:3   | Noticed a six-headed hydra
 12240 | Lair:3   | Killed a six-headed hydra
 12508 | Lair:3   | You fall into a shaft and drop 2 floors!
 12653 | Lair:4   | Noticed a catoblepas
 12665 | Lair:4   | Killed a catoblepas
 12707 | Lair:4   | Reached skill level 10 in Armour
 12707 | Lair:4   | Noticed Rupert
 12748 | Lair:5   | Noticed a five-headed hydra
 12768 | Lair:5   | Killed a five-headed hydra
 12769 | Lair:5   | Reached XP level 13. HP: 44/91 MP: 13/13
 12854 | Lair:5   | Noticed Nessos
 12868 | Lair:5   | Killed Nessos
 12869 | Lair:5   | Reached skill level 16 in Polearms
 12869 | Lair:5   | Reached skill level 1 in Evocations
 13289 | Lair:5   | Reached skill level 5 in Evocations
 14406 | D:4      | Bought the ring of Pyromania {rC+ Slay+4} for 1012 gold
                  | pieces
 14584 | Lair:4   | Noticed a six-headed hydra
 14594 | Lair:4   | Killed a six-headed hydra
 15023 | Lair:5   | Noticed an eight-headed hydra
 15032 | Lair:5   | Killed an eight-headed hydra
 15100 | Lair:5   | Found a staircase to the Slime Pits.
 15569 | Lair:5   | Noticed a seven-headed hydra
 15581 | Lair:5   | Killed a seven-headed hydra
 15582 | Lair:5   | Reached XP level 14. HP: 76/108 MP: 14/14
 15841 | Lair:6   | Entered Level 6 of the Lair of Beasts
 15944 | Lair:6   | Reached skill level 10 in Fighting
 16265 | Lair:6   | Reached skill level 10 in Evocations
 17123 | Lair:6   | Reached skill level 10 in Shields
 17166 | Lair:6   | Reached XP level 15. HP: 96/115 MP: 15/15
 17271 | Lair:6   | Reached skill level 17 in Polearms
 18009 | D:9      | Found a burning altar of Makhleb.
 18606 | D:10     | Entered Level 10 of the Dungeon
 18643 | D:10     | Found a hide-covered altar of Uskayaw.
 19603 | D:11     | Found a staircase to the Orcish Mines.
 19724 | D:11     | Noticed Harold
 19736 | D:11     | Killed Harold
 19911 | D:11     | Noticed Psyche
 19916 | D:11     | Killed Psyche
 20171 | Orc:1    | Entered Level 1 of the Orcish Mines
 20480 | Orc:2    | Entered Level 2 of the Orcish Mines
 20480 | Orc:2    | Found a frozen archway.
 20486 | IceCv    | Entered an ice cave
 20735 | IceCv    | Identified the ring "Ohapih" {rN+ Dex+4 Stlth+}
 20865 | IceCv    | Found an ancient bone altar of Kikubaaqudgha.
 21164 | IceCv    | Identified the +4 hat of the Dungeon {rF+}
 21366 | Orc:2    | Found a staircase to the Elven Halls.
 21424 | Orc:2    | Reached skill level 18 in Polearms
 21559 | Orc:2    | Reached XP level 16. HP: 118/122 MP: 16/16
 22009 | Orc:2    | Found Daseedyu's Book Emporium.
 22009 | Orc:2    | Found Yrryf Oborch's Assorted Antiques.
 22009 | Orc:2    | Found Noegef's General Store.
 22016 | Orc:2    | Found Juffouzo's Book Shoppe.
 23765 | D:13     | Found Muzol's Gadget Gallery.
 23772 | D:13     | Bought a condenser vane for 520 gold pieces
 23873 | D:13     | Identified the +1 cloak "Utsarhim" {*Slow rN+ Str+4 Dex+4}
 24220 | D:13     | Identified the +6 falchion "Eviscerator" {drain, *Corrode
                  | rPois Dex+5}
 24244 | D:13     | Found a gate to the Vaults.
 24335 | D:13     | Found a runed translucent gate.
 24335 | D:13     | Found a runed translucent gate.
 24335 | D:13     | Found a runed translucent gate.
 24336 | D:13     | Found an opulent altar of Gozag.
 24337 | D:13     | Noticed kuniqs's ghost (journeyman DDGl)
 24385 | D:13     | Killed kuniqs's ghost
 24732 | D:14     | Found a stormy altar of Qazlal.
 25014 | D:14     | Found a runed translucent door.
 25134 | D:14     | Reached skill level 19 in Polearms
 25134 | D:14     | Reached skill level 15 in Shields
 25162 | D:14     | Identified the Disquisition on Weightlessness
 25250 | D:15     | Entered Level 15 of the Dungeon
 25436 | D:15     | Reached XP level 17. HP: 65/128 MP: 17/17
 25492 | D:15     | Found a staircase to the Depths.
 25519 | D:15     | Found an ornate altar of the Wu Jian Council.
 25680 | D:15     | Identified Roxanne's Volume of Transformation
 25680 | D:15     | Noticed Roxanne
 25918 | D:15     | Identified the ring "Peodgh" {Fire Slay+3}
 25956 | D:15     | Reached skill level 20 in Polearms
 25978 | D:15     | Reached skill level 1 in Dodging
 25989 | D:15     | Identified the amulet of Serr {Rampage +Inv Will+ Regen+
                  | Stlth+}
 26133 | D:15     | Killed Roxanne
 26185 | D:15     | Bought the ring of Helab {rF+ rC+ rCorr AC+4 Dex-5} for 937
                  | gold pieces
 27610 | D:11     | Bought a pair of dazzling gloves for 342 gold pieces
 27610 | D:11     | Identified the +0 pair of gloves "Jeaphi" {*Corrode +Blink
                  | Int+2} (You bought it in a shop on level 11 of the Dungeon)
 27820 | Spider:2 | Noticed Arachne
 27847 | Spider:2 | Killed Arachne
 27867 | Spider:2 | Reached skill level 5 in Dodging
 27867 | Spider:2 | Reached XP level 18. HP: 54/138 MP: 18/18
 28575 | Spider:3 | Noticed Mara
 28590 | Spider:3 | Noticed Delamore's illusion
 28594 | Spider:3 | Killed Mara
 28622 | Spider:3 | Noticed Azrael
 28639 | Spider:3 | Killed Azrael
 29095 | Spider:4 | Entered Level 4 of the Spider Nest
 29095 | Spider:4 | Noticed Donald
 29100 | Spider:4 | Killed Donald
 29313 | Spider:4 | Reached skill level 10 in Throwing
 29782 | Spider:4 | Reached XP level 19. HP: 150/150 MP: 19/19
 29921 | Spider:4 | HP: 6/150 [tarantella (4)]
 29922 | Spider:4 | Slain by a tarantella

Illustrated notes

Levels and vault maps discovered:
D:1:      ebering_hopf_link, layout_basic
D:2:      layout_rooms, serial_shops, nicolae_shop_statue_plus,
          hellmonk_ecumenical_altar_pennies_from_heaven, minmay_distorted,
          uniq_jessica, uniq_terence
D:3:      layout_basic, amcnicky_altar_gilded, elyvilon_altar_4,
          grunt_temple_overflow_open, fedhas_altar_1
D:4:      layout_basic, nzn_hepliaklqana_mist_gate, zin_angel,
          nicolae_sif_muna_little_library, minmay_temple_entry_glassed_door,
          serial_shops, nicolae_diamond_shop, kennysheep_another_room,
          amcnicky_mini_corridor_feature, chequers_serial_rivers_micro_d
D:5:      layout_basic, nicolae_ossuary_entry_monument, uniq_grinder
D:6:      minmay_klotski, layout_basic
D:7:      layout_loops_ring
D:8:      layout_cave_pods, minmay_lair_entry_grove, kennysheep_generic_room_2
D:9:      layout_basic, nicolae_overflow_crystal_walls, grunt_tough_drop
D:10:     layout_loops_ring, nicolae_uskayaw_dance_hall, serial_rivers,
          chequers_serial_rivers_large_a, chequers_serial_rivers_micro_e,
          chequers_serial_rivers_micro_b, chequers_serial_rivers_small_3
D:11:     layout_roguey, erik_orc_3, minmay_statue_bubble, uniq_psyche,
          uniq_harold
D:12:     layout_basic, minmay_statues_item
D:13:     layout_basic, david_vaults_4, ebering_ghost_gozag,
          nicolae_shop_gadgets
D:14:     layout_rooms, grunt_qazlal_clouds, minmay_st_funbox,
          nrook_loot_triangle, kennysheep_small_circle
D:15:     grunt_enter_depths_giant_problem, layout_cave_pools,
          nicolae_wu_jian_immortal_techniques,
          minmay_checkered_concentric_circles, uniq_roxanne
Temple:   pf_slime_end_temple
Lair:1:   layout_chaotic_city, lemuel_fruit_fields
Lair:2:   layout_cave_pods, minmay_shoals_entry_beasts,
          spider_nest_entry_rubble, serial_bayou_shore_a, grunt_megastairs_4
Lair:3:   layout_cave_pods, grunt_megastairs_2
Lair:4:   layout_cave_pods, lemuel_fruit_tree, uniq_rupert
Lair:5:   layout_cave_pods, minmay_slime_entry_pillars, beast_lair_carwin_9,
          lemuel_fruit_fields, lemuel_fruit_fields, uniq_nessos
Lair:6:   hangedman_lair_caniforms_friends, layout_loops_ring,
          serial_bayou_pond_c, serial_bayou_shore_b
Spider:1: layout_spider_delve
Spider:2: layout_spider_delve, nicolae_arachne_temple
Spider:3: layout_spider_delve, uniq_azrael, uniq_mara
Spider:4: grunt_spider_rune_island, uniq_donald
Orc:1:    layout_caves
Orc:2:    st_orc_mages, layout_caves, portal_ice_cave_entry_pillars_1,
          basic_altar

Skill      XL: |  1  2  3  4  5  6  7  8  9 10 11 12 13 14 15 16 17 18 |
---------------+-------------------------------------------------------+-----
Polearms       | 3 4 5 6 8 10 12 14 15 16 18 19 20 | 20.0
Fighting       | 4 5 9 10 11 13 | 13.5
Throwing       | 2 5 6 8 10 | 10.0
Shields        | 4 7 10 13 15 | 15.0
Armour         | 4 7 10 | 10.0
Evocations     | 8 10 | 10.0
Dodging        | 5 8 |  8.2

Action                   |  1- 3 |  4- 6 |  7- 9 | 10-12 | 13-15 | 16-18 | 19-21 || total
-------------------------+-------+-------+-------+-------+-------+-------+-------++-------
Melee: Trident           |    51 |   132 |   303 |   380 |    43 |    23 |       ||   932
       Halberd           |       |       |       |   343 |  1340 |  1087 |    10 ||  2780
Throw: Dart              |       |    13 |    15 |     6 |       |       |       ||    34
       Boomerang         |       |       |       |       |       |    39 |       ||    39
Invok: Call Merchant     |       |       |       |     2 |     3 |     2 |       ||     7
 Abil: Dig               |     1 |       |     7 |     9 |    21 |     7 |       ||    45
Evoke: Condenser vane    |       |       |       |       |       |     4 |       ||     4
       Wand              |       |       |       |       |       |     2 |       ||     2
  Use: Scroll            |     2 |     4 |     8 |     6 |    12 |     7 |       ||    39
       Potion            |     1 |       |     1 |     2 |     1 |     5 |     1 ||    11
 Stab: Distracted        |       |       |     3 |     1 |    11 |    10 |       ||    25
       Petrified         |       |       |       |       |     2 |       |       ||     2
Armor: Scale mail        |    13 |    33 |    33 |    46 |   235 |   186 |    10 ||   556
       Plate armour      |       |       |    12 |   145 |       |       |       ||   157
Dodge: Dodged            |    13 |    50 |    90 |   207 |   318 |   177 |     9 ||   864
Block: Kite shield       |    18 |    74 |   128 |   284 |   392 |       |       ||   896
       Tower shield      |       |       |       |       |   508 |   997 |    16 ||  1521

Table legend: (Time is in decaauts)
 A = Elapsed time spent in this place.
 B = Non-inter-level travel time spent in this place.
 C = Inter-level travel time spent in this place.
 D = Time resting spent in this place.
 E = Time spent auto-exploring this place.
 F = Levels seen in this place.
 G = Mean time per level.
                   A        B        C        D        E       F      G
               +--------+--------+--------+--------+--------+-----+--------+
         Total |  29305 |  26549 |   2756 |   2296 |  18105 |  30 |  976.8 |
       Dungeon |  15120 |  13417 |   1703 |   1068 |   9517 |  15 | 1008.0 |
        Temple |     62 |     46 |     16 |      0 |     36 |   1 |   62.0 |
          Lair |   8130 |   7266 |    864 |    580 |   5139 |   6 | 1355.0 |
   Spider Nest |   2867 |   2772 |     95 |    141 |   1921 |   4 |  716.8 |
  Orcish Mines |   1583 |   1506 |     77 |     41 |   1020 |   2 |  791.5 |
       Ossuary |    829 |    829 |      0 |    405 |    182 |   1 |  829.0 |
      Ice Cave |    711 |    711 |      0 |     59 |    289 |   1 |  711.0 |
               +--------+--------+--------+--------+--------+-----+--------+

Top non-repeatable levels by time:
  Lair:6: 1690 daAuts
  Lair:2: 1646 daAuts
     D:4: 1464 daAuts
     D:5: 1400 daAuts
  Lair:5: 1377 daAuts
     D:8: 1330 daAuts
  Lair:4: 1259 daAuts
     D:1: 1258 daAuts
  Lair:1: 1104 daAuts
     D:6: 1059 daAuts
  Lair:3: 1050 daAuts
     D:3: 1022 daAuts
    D:12: 990 daAuts
    D:11: 990 daAuts
   Orc:2: 961 daAuts
